 Dungeon Crawl Stone Soup version 0.29.0-4-gdea44cf6ec (webtiles) character file.

Game seed: 16632323262593621951

16 qw the Sneak (level 2, -10/19 HPs)
             Began as a Gargoyle Delver on Sept 10, 2022.
             Mangled by an ogre
             ... wielding a +0 giant club
              (16 damage)
             ... on level 4 of the Dungeon.
             The game lasted 00:00:07 (524 turns).

qw the Sneak (Gargoyle Delver)                       Turns: 524, Time: 00:00:08

Health: -10/19     AC:  5    Str: 15    XL:     2   Next: 54%
Magic:  2/2        EV: 11    Int: 10    God:
Gold:   13         SH:  0    Dex: 11    Spells: 1/1 levels left

rFire   . . .      SeeInvis .   Y - +0 hand axe
rCold   . . .      Faith    .   (no shield)
rNeg    + . .      Spirit   .   b - +0 leather armour
rPois   inf        Reflect  .   (no helmet)
rElec   +          Harm     .   (no cloak)
rCorr   .          Rampage  .   (no gloves)
Will    .....                   (no boots)
Stlth   +++.......              (no amulet)
HPRegen 0.06/turn               (no ring)
MPRegen 0.08/turn               (no ring)

@: no status effects
A: sickness immunity, AC +2, negative energy resistance 1, electricity
resistance, torment resistance 1, petrification resistance
a: no special abilities


You were on level 4 of the Dungeon.
You visited 1 branch of the dungeon, and saw 2 of its levels.

You collected 13 gold pieces.


Innate Abilities, Weirdness & Mutations

You are immune to sickness and miasma.
Your stone body is resilient. (AC +2)
You are immune to poison.
You resist negative energy. (rN+)
You are resistant to electric shocks. (rElec)
You are resistant to unholy torment.
You are immune to petrification.


   Skills:
 - Level 3.2 Fighting
 + Level 2.8 Axes
 - Level 1.5 Dodging
 - Level 5.4 Stealth


You had one spell level left.
You didn't know any spells.
Your spell library was empty.

Inventory:

Hand Weapons
 c - a +0 whip
 Y - a +0 hand axe (weapon)
Armour
 b - a +0 leather armour (worn)
Wands
 g - a wand of digging (3)
Potions
 f - a potion of haste

Dungeon Overview and Level Annotations

Branches:
Dungeon (5/15)
 Temple: D:4-7

Altars:
Elyvilon


Message History

You open the door.
There is an open door here.
There is an open door here.
You open the door.
There is an open door here.
There is an open door here.
You open the door.
There is an open door here.
You see here the +1 dire flail "Dafyfyg" {vorpal, Drain rElec Int+6 Stlth+}.
Enter note:
Enter note:
Enter note:
Enter note: You open the door.
Found a stone staircase leading up.
There is an open door here.
Enter note:
Enter note:
515 ||| DRINKING 2 fizzy green potions.
It was a potion of heal wounds.
You feel much better.
(D) Dungeon
Where to? (* - list waypoints, Enter - D:4, ? - help)
What level of the Dungeon? (default 1, ? - help)
An ogre comes into view. It is wielding a +0 giant club.
The ogre shouts!
There is a stone staircase leading up here.
You hit the ogre.
The ogre is moderately wounded.
The ogre hits you with a +0 giant club!
Ouch! That really hurt!
522 ||| DRINKING potion of heal wounds.
You feel much better.
You closely miss the ogre.
The ogre is moderately wounded.
The ogre hits you with a +0 giant club!
Ouch! That really hurt!
You slash the ogre!
The ogre is heavily wounded.
The ogre hits you with a +0 giant club!
Ouch! That really hurt!
You die...

.......#...#.....#.......#
.......#.####..###...##..#
......##.####..# #...##..######
......#...#....#..........#...#
......#...'....#..........'...#
#...#....##....###'##...#
#..####+########....#..##
#..##....##....#....####
#...#....O@....#...)#
#...#....####'##....# #+###...
#..........# #.. #..........#
+. #..........# #
#......####... #......# ....
........+ ....# .........#
....#


You could see an ogre.

Vanquished Creatures
  An adder (D:5)
  An ufetubus (D:5)
  A kobold (D:4)
3 creatures vanquished.

Notes
Turn   | Place    | Note
-------+----------+-------------------------------------------
     0 | D:5      | qw the Gargoyle Delver began the quest for the Orb.
     0 | D:5      | Reached XP level 1. HP: 14/14 MP: 1/1
     0 | D:5      | 0 ||| qw: Version: 0.1-a-116-g5d60599
     0 | D:5      | 0 ||| qw: Game counter: 8622
     0 | D:5      | 0 ||| qw: Always use a shield: true
     0 | D:5      | 0 ||| qw: God list: Okawaru
     0 | D:5      | 0 ||| qw: Allow faded altars: false
     0 | D:5      | 0 ||| qw: Do Orc after D:15 true
     0 | D:5      | 0 ||| qw: Do second Lair branch before Depths: true
     0 | D:5      | 0 ||| qw: Lair rune preference: random
     0 | D:5      | 0 ||| qw: Plans: Normal
     0 | D:5      | 0 ||| PLANNING D:1-11
    21 | D:5      | Reached XP level 2. HP: 12/19 MP: 2/2
   204 | D:5      | 204 ||| READING scroll labelled UPPUIRUYHU.
   205 | D:5      | 205 ||| DROPPING scroll of fog.
   206 | D:5      | 206 ||| DROPPING scroll of magic mapping.
   207 | D:5      | 207 ||| DROPPING scroll of fear.
   266 | D:4      | Found a white marble altar of Elyvilon.
   506 | D:4      | Identified the +1 dire flail "Dafyfyg" {vorpal, Drain rElec
                  | Int+6 Stlth+}
   515 | D:4      | 515 ||| DRINKING 2 fizzy green potions.
   518 | D:4      | Noticed an ogre
   521 | D:4      | HP: 4/19 [ogre/+0 giant club (15)]
   522 | D:4      | 522 ||| DRINKING potion of heal wounds.
   524 | D:4      | Mangled by an ogre

Levels and vault maps discovered:
D:4:      layout_gridville, nicolae_elyvilon_peaceful_grove,
          hangedman_decor_slide_cut, hangedman_abyss_or_decor_lesser_grid
D:5:      layout_rooms, minmay_temple_entry_mini_moons,
          nicolae_figureground_pulse

Skill      XL: |  1 |
---------------+----+-----
Axes           | 2 |  2.8
Fighting       | |  3.2
Dodging        | |  1.5
Stealth        | |  5.4

Action                   || total
-------------------------++-------
Melee: Hand axe          ||    27
  Use: Potion            ||     2
       Scroll            ||     1
Armor: Leather armour    ||    11
Dodge: Dodged            ||    21

Table legend:
 A = Non-vault XP
 B = Vault XP
 C = Vault XP percentage of total XP
 D = Non-vault monster count
 E = Vault monster count
 F = Vault count percentage of total count
                 A         B        C        D         E       F
            +---------+---------+-------+---------+---------+-------
      Total |      23 |       0 |   0.0 |       3 |       0 |   0.0
            +---------+---------+-------+---------+---------+-------
        D:4 |       1 |       0 |   0.0 |       1 |       0 |   0.0
        D:5 |      22 |       0 |   0.0 |       2 |       0 |   0.0
            +---------+---------+-------+---------+---------+-------
